TOP OF THE 1ST |
Kenosha Kingfish batting - Pitching for Beaverton Bronze Souls : RHP Tim Cameron
|
Pitching: RHP Tim Cameron
|
|
Batting: RHB Manuel Gómez
|
0-0: Ball 1-0: Foul Ball, location: 2F 1-1: Ball 2-1: Foul Ball, location: 2F 2-2: Ball 3-2: Strikes out swinging
|
Batting: SHB Alfonso Escasán
|
0-0: Ball 1-0: Ball 2-0: Called Strike 2-1: Foul Ball, location: 2F 2-2: Ball 3-2: Strikes out swinging
|
Batting: RHB Francisco Martínez
|
0-0: Foul Ball, location: 2F 0-1: Swinging Strike 0-2: Fly out, F8 (Flyball, 8LM)
|
Top of the 1st over - 0 run(s), 0 hit(s), 0 error(s), 0 left on base; Kenosha 0 - Beaverton 0 |
BOTTOM OF THE 1ST |
Beaverton Bronze Souls batting - Pitching for Kenosha Kingfish : RHP Ron Bartlett
|
Pitching: RHP Ron Bartlett
|
|
Batting: RHB Juan Becerra
|
0-0: Ball 1-0: Fly out, F9 (Flyball, 9M)
|
Batting: LHB Richard Méndez
|
0-0: Called Strike 0-1: Ground out 1-3 (Groundball, 15)
|
Batting: RHB Jim Villiers
|
0-0: Swinging Strike 0-1: Swinging Strike 0-2: Strikes out looking
|
Bottom of the 1st over - 0 run(s), 0 hit(s), 0 error(s), 0 left on base; Kenosha 0 - Beaverton 0 |
TOP OF THE 2ND |
Kenosha Kingfish batting - Pitching for Beaverton Bronze Souls : RHP Tim Cameron
|
Batting: LHB Richard Brooks
|
0-0: Ball 1-0: Foul Ball, location: 2F Single, Error in OF, E9, batter to second base
|
Batting: RHB Matt Rodríguez
|
0-0: Called Strike 0-1: Ball 1-1: Ball 2-1: Foul Ball, location: 2F 2-2: Strikes out swinging
|
Batting: SHB Júlio Valentín
|
0-0: Ball 1-0: Called Strike 1-1: Foul Ball, location: 2F 1-2: Strikes out looking
|
Batting: SHB Devin Smith
|
0-0: Called Strike 0-1: Swinging Strike 0-2: Ball 1-2: Strikes out looking
|
Top of the 2nd over - 0 run(s), 1 hit(s), 1 error(s), 1 left on base; Kenosha 0 - Beaverton 0 |
BOTTOM OF THE 2ND |
Beaverton Bronze Souls batting - Pitching for Kenosha Kingfish : RHP Ron Bartlett
|
Batting: RHB Brian Dixon
|
0-0: SINGLE (Groundball, 4MD) (infield hit)
|
Batting: LHB Cristóbal Gómez
|
0-0: Called Strike 0-1: Ball 1-1: Foul Ball, location: 2F 1-2: Foul Ball, location: 2F 1-2: Ball 2-2: Ground out 3-1 (Groundball, 34S) Brian Dixon to second
|
Batting: SHB Dawson Fowler
|
0-0: Fly out, F7 (Flyball, 7M)
|
Batting: LHB Miguel Barrón
|
0-0: SINGLE (Flyball, 7S) Brian Dixon to third Runner from 3rd tries for Home, SAFE, no throw or cutoff
|
Batting: RHB David Kerr
|
0-0: Ball 1-0: Ball 2-0: Foul Ball, location: 2F 2-1: SINGLE (Groundball, 56D) Miguel Barrón to second
|
Batting: LHB Luis Aragón
|
0-0: Called Strike 0-1: Swinging Strike 0-2: Ball 1-2: Ball 2-2: Foul Ball, location: 2F 2-2: Ball 3-2: Base on Balls Miguel Barrón to third David Kerr to second
|
Batting: RHB Juan Becerra
|
0-0: Called Strike 0-1: Swinging Strike 0-2: Strikes out swinging
|
Bottom of the 2nd over - 1 run(s), 3 hit(s), 0 error(s), 3 left on base; Kenosha 0 - Beaverton 1 |
TOP OF THE 3RD |
Kenosha Kingfish batting - Pitching for Beaverton Bronze Souls : RHP Tim Cameron
|
Batting: RHB Sergio Mata
|
0-0: Ball 1-0: Called Strike 1-1: SINGLE (Line Drive, 4M)
|
Batting: RHB Tommy Davenport
|
0-0: Ball 1-0: Called Strike 1-1: Foul Ball, location: 2F 1-2: Strikes out looking
|
Batting: RHB Manuel Gómez
|
0-0: Fielders Choice at 2nd, 6-4 (Groundball, 6M)
|
Batting: SHB Alfonso Escasán
|
0-0: Called Strike 0-1: Ball 1-1: Fly out, F9 (Flyball, 89M)
|
Top of the 3rd over - 0 run(s), 1 hit(s), 0 error(s), 1 left on base; Kenosha 0 - Beaverton 1 |
BOTTOM OF THE 3RD |
Beaverton Bronze Souls batting - Pitching for Kenosha Kingfish : RHP Ron Bartlett
|
Batting: LHB Richard Méndez
|
0-0: Ball 1-0: Called Strike 1-1: Called Strike 1-2: Strikes out swinging
|
Batting: RHB Jim Villiers
|
0-0: Ball 1-0: Called Strike 1-1: Ground out 6-3 (Groundball, 6S)
|
Batting: RHB Brian Dixon
|
0-0: Called Strike 0-1: Swinging Strike 0-2: Strikes out swinging
|
Bottom of the 3rd over - 0 run(s), 0 hit(s), 0 error(s), 0 left on base; Kenosha 0 - Beaverton 1 |
TOP OF THE 4TH |
Kenosha Kingfish batting - Pitching for Beaverton Bronze Souls : RHP Tim Cameron
|
Batting: RHB Francisco Martínez
|
0-0: Called Strike 0-1: Called Strike 0-2: Ball 1-2: SINGLE (Groundball, 6M)
|
Batting: LHB Richard Brooks
|
0-0: Ball 1-0: Ball 2-0: Ball 3-0: Base on Balls Francisco Martínez to second
|
Batting: RHB Matt Rodríguez
|
0-0: Ball 1-0: Called Strike 1-1: Ball 2-1: Swinging Strike 2-2: Foul Ball, location: 2F 2-2: Foul Ball, location: 2F 2-2: Strikes out looking
|
Batting: SHB Júlio Valentín
|
0-0: Swinging Strike 0-1: Foul Ball, location: 2F 0-2: Ball 1-2: Ball 2-2: Fly out, F7 (Popup, 56D)
|
Batting: SHB Devin Smith
|
0-0: Ball 1-0: Foul Ball, location: 2F 1-1: Ball 2-1: Swinging Strike 2-2: Foul Ball, location: 2F 2-2: Ball 3-2: Ground out 6-3 (Groundball, 6)
|
Top of the 4th over - 0 run(s), 1 hit(s), 0 error(s), 2 left on base; Kenosha 0 - Beaverton 1 |
BOTTOM OF THE 4TH |
Beaverton Bronze Souls batting - Pitching for Kenosha Kingfish : RHP Ron Bartlett
|
Batting: LHB Cristóbal Gómez
|
0-0: Foul Ball, location: 2F 0-1: Swinging Strike 0-2: Ground out 4-3 (Groundball, 4)
|
Batting: SHB Dawson Fowler
|
0-0: Called Strike 0-1: Swinging Strike 0-2: Ball 1-2: Ball 2-2: Ball 3-2: Base on Balls
|
Batting: LHB Miguel Barrón
|
0-0: Called Strike 0-1: Ball Wild Pitch! Dawson Fowler to second 1-1: Foul Ball, location: 2F 1-2: Ground out 6-3 (Groundball, 6M) Dawson Fowler to third
|
Batting: RHB David Kerr
|
0-0: Foul Ball, location: 2F 0-1: Ball 1-1: Swinging Strike 1-2: Ball 2-2: Foul Ball, location: 2F 2-2: Ball 3-2: TRIPLE (Flyball, 9LD) Dawson Fowler scores
|
Batting: LHB Luis Aragón
|
0-0: Called Strike 0-1: Foul Ball, location: 2F 0-2: Ball 1-2: Ball 2-2: Strikes out swinging
|
Bottom of the 4th over - 1 run(s), 1 hit(s), 0 error(s), 1 left on base; Kenosha 0 - Beaverton 2 |
TOP OF THE 5TH |
Kenosha Kingfish batting - Pitching for Beaverton Bronze Souls : RHP Tim Cameron
|
Batting: RHB Sergio Mata
|
0-0: SINGLE (Groundball, 6M)
|
Batting: RHB Tommy Davenport
|
0-0: Ball 1-0: Foul Ball, location: 2F 1-1: Called Strike 1-2: Foul Ball, location: 2F 1-2: Foul Ball, location: 2F 1-2: Strikes out swinging
|
Batting: RHB Manuel Gómez
|
0-0: Ball 1-0: Ball 2-0: Fly out, F7 (Flyball, 7M)
|
Batting: SHB Alfonso Escasán
|
0-0: Foul Ball, location: 2F 0-1: Ball 1-1: Fly out, F5 (Popup, 15)
|
Top of the 5th over - 0 run(s), 1 hit(s), 0 error(s), 1 left on base; Kenosha 0 - Beaverton 2 |
BOTTOM OF THE 5TH |
Beaverton Bronze Souls batting - Pitching for Kenosha Kingfish : RHP Ron Bartlett
|
Batting: RHB Juan Becerra
|
0-0: Ground out 5-3 (Groundball, 5L)
|
Batting: LHB Richard Méndez
|
0-0: Ball 1-0: Ground out U3 (Groundball, 3L)
|
Batting: RHB Jim Villiers
|
0-0: Ball 1-0: Called Strike 1-1: Ground out 6-3 (Groundball, 56D)
|
Bottom of the 5th over - 0 run(s), 0 hit(s), 0 error(s), 0 left on base; Kenosha 0 - Beaverton 2 |
TOP OF THE 6TH |
Kenosha Kingfish batting - Pitching for Beaverton Bronze Souls : RHP Tim Cameron
|
Batting: RHB Francisco Martínez
|
0-0: Ball 1-0: SINGLE (Line Drive, 4M)
|
Batting: LHB Richard Brooks
|
0-0: Fly out, F9 (Flyball, 89XD)
|
Pitching: RHP David Peterson
|
|
Batting: RHB Matt Rodríguez
|
0-0: Ball 1-0: Called Strike 1-1: Ball 2-1: Foul Ball, location: 2F 2-2: Fly out, F7 (Line Drive, 7M)
|
Batting: SHB Júlio Valentín
|
0-0: Ball 1-0: Ball 2-0: Ball 3-0: Foul Ball, location: 2F 3-1: Foul Ball, location: 2F 3-2: Strikes out swinging
|
Top of the 6th over - 0 run(s), 1 hit(s), 0 error(s), 1 left on base; Kenosha 0 - Beaverton 2 |
BOTTOM OF THE 6TH |
Beaverton Bronze Souls batting - Pitching for Kenosha Kingfish : RHP Ron Bartlett
|
Batting: RHB Brian Dixon
|
0-0: Called Strike 0-1: DOUBLE (Popup, 9LS)
|
Batting: LHB Cristóbal Gómez
|
0-0: Intentional Walk
|
Batting: SHB Dawson Fowler
|
0-0: Called Strike 0-1: Swinging Strike 0-2: Ball 1-2: Strikes out swinging
|
Batting: LHB Miguel Barrón
|
0-0: Called Strike 0-1: Ball 1-1: Called Strike 1-2: Ball 2-2: Strikes out looking
|
Pitching: LHP Nick Clayton
|
|
Batting: RHB David Kerr
|
0-0: Ball 1-0: Fly out, F7 (Flyball, 7S)
|
Bottom of the 6th over - 0 run(s), 1 hit(s), 0 error(s), 2 left on base; Kenosha 0 - Beaverton 2 |
TOP OF THE 7TH |
Kenosha Kingfish batting - Pitching for Beaverton Bronze Souls : RHP David Peterson
|
Batting: SHB Devin Smith
|
0-0: Called Strike 0-1: Ground out 4-3 (Groundball, 4)
|
Batting: RHB Sergio Mata
|
0-0: Ball 1-0: Called Strike 1-1: Fly out, F7 (Flyball, 78M)
|
Batting: RHB Tommy Davenport
|
0-0: Ball 1-0: Ball 2-0: Swinging Strike 2-1: Called Strike 2-2: Ball 3-2: Base on Balls
|
Batting: RHB Manuel Gómez
|
0-0: Ball 1-0: Ball 2-0: Ball 3-0: Base on Balls Tommy Davenport to second
|
Batting: SHB Alfonso Escasán
|
0-0: Called Strike 0-1: Ball 1-1: Swinging Strike 1-2: Ball 2-2: Strikes out swinging
|
Top of the 7th over - 0 run(s), 0 hit(s), 0 error(s), 2 left on base; Kenosha 0 - Beaverton 2 |
BOTTOM OF THE 7TH |
Beaverton Bronze Souls batting - Pitching for Kenosha Kingfish : LHP Nick Clayton
|
Batting: LHB Luis Aragón
|
0-0: Ball 1-0: Fly out, F8 (Line Drive, 8LM)
|
Batting: RHB Juan Becerra
|
0-0: Called Strike 0-1: Foul Ball, location: 2F 0-2: Fly out, F8 (Flyball, 8RM)
|
Batting: LHB Richard Méndez
|
0-0: Ball 1-0: Called Strike 1-1: Ball 2-1: Called Strike 2-2: Strikes out swinging
|
Bottom of the 7th over - 0 run(s), 0 hit(s), 0 error(s), 0 left on base; Kenosha 0 - Beaverton 2 |
TOP OF THE 8TH |
Kenosha Kingfish batting - Pitching for Beaverton Bronze Souls : RHP David Peterson
|
Batting: RHB Francisco Martínez
|
0-0: Ball 1-0: Called Strike 1-1: Ball 2-1: Ball 3-1: Fly out, F4 (Line Drive, 4M)
|
Pitching: LHP Mike Stevens
|
|
Batting: LHB Richard Brooks
|
0-0: Ball 1-0: SINGLE (Groundball, 4M) (infield hit)
|
Pitching: RHP Ben Hepworth
|
|
Batting: RHB Matt Rodríguez
|
0-0: Ball 1-0: Swinging Strike 1-1: Ball 2-1: Ball 3-1: Foul Ball, location: 2F 3-2: Ground out 6-3 (Groundball, 6M) Richard Brooks to second
|
Batting: SHB Júlio Valentín
|
0-0: Ground out U3 (Groundball, 3S)
|
Top of the 8th over - 0 run(s), 1 hit(s), 0 error(s), 1 left on base; Kenosha 0 - Beaverton 2 |
BOTTOM OF THE 8TH |
Beaverton Bronze Souls batting - Pitching for Kenosha Kingfish : LHP Nick Clayton
|
Batting: RHB Jim Villiers
|
0-0: Foul Ball, location: 2F 0-1: Ground out 6-3 (Groundball, 6M)
|
Batting: RHB Brian Dixon
|
0-0: SOLO HOME RUN (Flyball, 78XD), Distance : 389 ft
|
Batting: LHB Cristóbal Gómez
|
0-0: Ball 1-0: Ball 2-0: Foul Ball, location: 2F 2-1: SOLO HOME RUN (Flyball, 89XD), Distance : 413 ft
|
Batting: SHB Dawson Fowler
|
0-0: Ball 1-0: Swinging Strike 1-1: Called Strike 1-2: Foul Ball, location: 2F 1-2: SINGLE (Line Drive, 56)
|
Batting: LHB Miguel Barrón
|
0-0: Ball 1-0: Called Strike 1-1: Fly out, F8 (Flyball, 8LD)
|
Batting: RHB David Kerr
|
0-0: Ball 1-0: Ball Wild Pitch! Dawson Fowler to second 2-0: Fly out, F9 (Flyball, 89M)
|
Bottom of the 8th over - 2 run(s), 3 hit(s), 0 error(s), 1 left on base; Kenosha 0 - Beaverton 4 |
TOP OF THE 9TH |
Kenosha Kingfish batting - Pitching for Beaverton Bronze Souls : RHP Ben Hepworth
|
Batting: SHB Devin Smith
|
0-0: Called Strike 0-1: Swinging Strike 0-2: Ball 1-2: Ball 2-2: Strikes out swinging
|
Batting: RHB Sergio Mata
|
0-0: Ball 1-0: Foul Ball, location: 2F 1-1: Swinging Strike 1-2: Strikes out swinging
|
Batting: RHB Tommy Davenport
|
0-0: SINGLE (Flyball, 9S)
|
Batting: RHB Manuel Gómez
|
0-0: Ball 1-0: Swinging Strike 1-1: Reached on error, E5 (Groundball, 5S) Tommy Davenport to third
|
Pitching: RHP Taylor Bowen
|
|
Batting: SHB Alfonso Escasán
|
0-0: Called Strike 0-1: Ball 1-1: Ground out U3 (Groundball, 3)
|
Top of the 9th over - 0 run(s), 1 hit(s), 1 error(s), 2 left on base; Kenosha 0 - Beaverton 4 |
|